 Dungeon Crawl Stone Soup version 0.18.1-50-g88ac8fd (webtiles) character file.

693 atgrul the Fighter (level 7, 0/70 HPs)
             Began as a Hill Orc Berserker on Sept 17, 2016.
             Was a Believer of Trog.
             Slain by a centaur (7 damage)
             ... on level 5 of the Dungeon.
             The game lasted 00:08:15 (3869 turns).

atgrul the Fighter (Hill Orc Berserker)             Turns: 3869, Time: 00:08:15

Health: 0/70       AC:  5    Str: 17 (20) XL:     7   Next: 64%
Magic:  7/7        EV: 12    Int:  4 (7)  God:    Trog [**....]
Gold:   154        SH:  0    Dex: 10 (12) Spells: 0 memorised, 6 levels left

rFire  . . .     SeeInvis .     l - +0 hand axe (flame)
rCold  . . .     Gourm    .     b - +0 animal skin
rNeg   . . .     Faith    .     (no shield)
rPois  .         Spirit   .     (no helmet)
rElec  .         Dismiss  .     j - +2 cloak
rCorr  .         Reflect  .     (no gloves)
SustAt .         Harm     .     (no boots)
MR     .....                    (no amulet)
Stlth  ++........               (no ring)
                                (no ring)

@: exhausted, slowed, very slow, not resistant to hostile enchantments,
unstealthy
A: no striking features
a: Berserk, Trog's Hand, Burn Spellbooks, Renounce Religion


You were on level 5 of the Dungeon.
You worshipped Trog.
Trog was pleased with you.
You were hungry.

You visited 1 branch of the dungeon, and saw 5 of its levels.

You collected 154 gold pieces.

Inventory:

Hand Weapons
 a - a +0 hand axe
 l - a +0 hand axe of flaming (weapon)
Missiles
 t - 2 poisoned tomahawks (quivered)
Armour
 b - a +0 animal skin (worn)
 j - a +2 cloak (worn)
 x - a +0 naga barding
Jewellery
 e - an uncursed amulet of harm {unknown}
Wands
 A - a wand of lightning (10/15)
Scrolls
 f - 2 scrolls of identify {unknown}
 h - a scroll of enchant weapon {unknown}
 i - 2 scrolls of amnesia {unknown}
 k - 2 scrolls of immolation {unknown}
 p - a scroll of blinking {unknown}
 r - a scroll of remove curse {unknown}
 u - a scroll of teleportation {unknown}
 w - a scroll of random uselessness {unknown}
 y - a scroll of fear {unknown}
 B - a scroll of fog {unknown}
 C - a scroll of vulnerability {unknown}
 D - a scroll of recharging {unknown}
Potions
 d - a potion of haste {unknown}
 g - a potion of berserk rage
 n - a potion of degeneration
 q - 2 potions of heal wounds {unknown}
 v - a potion of lignification {unknown}
 z - a potion of magic {unknown}
Comestibles
 c - 5 bread rations
 m - a beef jerky
 s - 3 meat rations
 E - 3 chunks of flesh


   Skills:
 + Level 9.3 Fighting
 - Level 5.5 Axes
 - Level 2.1 Armour
 - Level 1.6 Dodging
 - Level 1.6 Stealth


You had 6 spell levels left.
You didn't know any spells.

Dungeon Overview and Level Annotations

Branches:
Dungeon (5/15)
 Temple: D:4-7

Altars:


Message History

The centaur shoots an arrow.
The arrow hits you but does no damage.
You are too injured to fight recklessly!
You are too injured to fight recklessly!
You are too injured to fight recklessly!
It was a potion of curing.
You feel better.
The centaur unwields an uncursed shortbow.
The centaur barely misses you. The centaur hits you.
* * * LOW HITPOINT WARNING * * *
You feel better. The centaur closely misses you. The centaur barely misses you.
The centaur hits you.
* * * LOW HITPOINT WARNING * * *
You hit the centaur. You burn the centaur.
The centaur is lightly wounded.
The centaur hits you.
* * * LOW HITPOINT WARNING * * *
The centaur closely misses you.
You hit the centaur. You burn the centaur.
The centaur is moderately wounded.
The centaur closely misses you. The centaur hits you!
You die...

.##.##.# #.#..
......###### #.###
...........# #.#
#.#..#.##.########.#
#.#..#.##..........#
#......##.##########
###..####.#
...##..####.#
#..(....@c((.#
###.#######(## # #(#
#รท# #.# #####c##
#.....)#
#.####.###########
#............


You could see a centaur.

Vanquished Creatures
  A sky beast (D:5)
  An ice beast (D:5)
  A centaur (D:5)
  A scorpion (D:4)
  A howler monkey (D:5)
  2 giant frog zombies (D:5)
  A centaur zombie (D:5)
  An orc priest (D:4)
  A hound (D:4)
  An iguana (D:4)
  A worker ant (D:4)
  A hound skeleton (D:4)
  4 adders
  2 gnolls (D:5)
  2 oozes
  2 dart slugs
  2 giant geckos
  10 orcs
  2 ball pythons
  A giant cockroach (D:4)
  3 goblins
  4 hobgoblins
  2 jackals (D:1)
  2 quokkas
  5 bats
  3 giant newts
  A jackal zombie (D:5)
  2 kobolds
  4 rats
64 creatures vanquished.

Notes
Turn   | Place    | Note
--------------------------------------------------------------
     0 | D:1      | atgrul the Hill Orc Berserker began the quest for the Orb.
     0 | D:1      | Reached XP level 1. HP: 19/19 MP: 1/1
    61 | D:1      | Reached XP level 2. HP: 26/26 MP: 2/2
   324 | D:1      | Reached skill level 5 in Axes
   726 | D:2      | Reached XP level 3. HP: 28/31 MP: 3/3
  1036 | D:2      | Reached skill level 4 in Fighting
  1272 | D:3      | Reached ** piety under Trog
  1619 | D:3      | Reached XP level 4. HP: 40/41 MP: 4/4
  2172 | D:4      | Reached skill level 5 in Fighting
  2282 | D:4      | Reached XP level 5. HP: 48/49 MP: 5/5
  2287 | D:4      | Reached skill level 1 in Stealth
  2574 | D:4      | Reached skill level 6 in Fighting
  2855 | D:4      | Reached XP level 6. HP: 54/58 MP: 6/6
  3319 | D:5      | Entered Level 5 of the Dungeon
  3330 | D:5      | Reached skill level 7 in Fighting
  3359 | D:5      | Noticed an ice beast
  3373 | D:5      | Killed an ice beast
  3467 | D:5      | Reached XP level 7. HP: 66/67 MP: 7/7
  3476 | D:5      | Reached skill level 8 in Fighting
  3648 | D:5      | Reached skill level 9 in Fighting
  3861 | D:5      | HP: 3/70 [centaur/arrow (6)]
  3869 | D:5      | Slain by a centaur

Skill      XL: |  1  2  3  4  5  6  7 |
---------------+----------------------+-----
Axes           | 5 |  5.5
Fighting       | 4 5 6 7 9 |  9.3
Stealth        | 1 |  1.6
Armour         | |  2.1
Dodging        | |  1.6

Action                   |  1- 3 |  4- 6 |  7- 9 || total
-------------------------+-------+-------+-------++-------
Melee: Hand axe          |    83 |   119 |    46 ||   248
Invok: Berserk           |       |     4 |     1 ||     5
  Use: Potion            |       |       |     4 ||     4
 Stab: Sleeping          |     1 |       |       ||     1
       Distracted        |       |       |     1 ||     1
  Eat: Chunk             |     2 |     9 |     3 ||    14
Armor: Animal skin       |    30 |    26 |    12 ||    68
Dodge: Dodged            |    52 |    75 |    34 ||   161
